TOP OF THE 1ST |
Minnesota Twins batting - Pitching for Cleveland Indians : RHP Jon Turman
|
Pitching: RHP Jon Turman
|
|
Batting: RHB Danny Miramontes
|
0-0: Ball 1-0: Foul Ball, location: 2F 1-1: Ball 2-1: Ball 3-1: Ground out 6-3 (Groundball, 56, EV 105.0 MPH)
|
Batting: LHB Joel Kunkler
|
0-0: Ball 1-0: Ball 2-0: Ball 3-0: Called Strike 3-1: Foul Ball, location: 2F 3-2: Base on Balls
|
Batting: RHB Hildo Pot
|
0-0: Called Strike 0-1: Fly out, F9 (Flyball, 89XD, EV 94.4 MPH)
|
Batting: RHB Matthew Starr
|
0-0: Fielders Choice at 2nd, 6-4 (Groundball, 6, EV 81.9 MPH)
|
Top of the 1st over - 0 runs, 0 hits, 0 errors, 1 left on base; Minnesota 0 - Cleveland 0 |
BOTTOM OF THE 1ST |
Cleveland Indians batting - Pitching for Minnesota Twins : LHP Michael Colin
|
Pitching: LHP Michael Colin
|
|
Batting: LHB Arvin Dungca
|
0-0: Called Strike 0-1: Ball 1-1: Ball 2-1: Ground out 6-3 (Groundball, 4D, EV 87.5 MPH)
|
Batting: LHB Hector Pedroso
|
0-0: Ball 1-0: Fly out, F9 (Flyball, 9LM, EV 77.5 MPH)
|
Batting: LHB Danny Dunham
|
0-0: Ball 1-0: Ball 2-0: Swinging Strike 2-1: Foul Ball, location: 2F 2-2: Ball 3-2: Strikes out swinging
|
Bottom of the 1st over - 0 runs, 0 hits, 0 errors, 0 left on base; Minnesota 0 - Cleveland 0 |
TOP OF THE 2ND |
Minnesota Twins batting - Pitching for Cleveland Indians : RHP Jon Turman
|
Batting: RHB Jesse Scott
|
0-0: Called Strike 0-1: Ball 1-1: Swinging Strike 1-2: Ground out 5-3 (Groundball, 5, EV 86.9 MPH)
|
Batting: RHB Yonetoshi Muranaka
|
0-0: Foul Ball, location: 2F 0-1: SINGLE (Groundball, 56S, EV 61.2 MPH) (infield hit)
|
Batting: RHB Tony Rivera
|
0-0: Called Strike 0-1: Ball 1-1: Ball 2-1: Foul Ball, location: 2F 2-2: SINGLE (Groundball, 56D, EV 98.1 MPH) Yonetoshi Muranaka to second
|
Batting: RHB Väinö Tapaninen
|
0-0: Ball 1-0: Called Strike 1-1: Called Strike 1-2: Ball 2-2: Foul Ball, location: 2F 2-2: Ball 3-2: Strikes out swinging
|
Batting: RHB José Molina
|
0-0: Ball 1-0: Ball 2-0: SINGLE (Groundball, 6M, EV 107.5 MPH) (infield hit) Yonetoshi Muranaka to third Tony Rivera to second
|
Batting: RHB Danny Miramontes
|
0-0: Ball 1-0: Foul Ball, location: 2F 1-1: Foul Ball, location: 2F 1-2: Foul Ball, location: 2F 1-2: Ball 2-2: Ball 3-2: SINGLE (Groundball, 4MD, EV 101.2 MPH) Yonetoshi Muranaka scores Tony Rivera to third José Molina to second Tony Rivera scores José Molina to third
|
Batting: LHB Joel Kunkler
|
0-0: Ball 1-0: Called Strike 1-1: Foul Ball, location: 2F 1-2: Foul Ball, location: 2F 1-2: Ball 2-2: Ball 3-2: Fly out, F8 (Flyball, 8RD, EV 101.2 MPH)
|
Top of the 2nd over - 2 runs, 4 hits, 0 errors, 2 left on base; Minnesota 2 - Cleveland 0 |
BOTTOM OF THE 2ND |
Cleveland Indians batting - Pitching for Minnesota Twins : LHP Michael Colin
|
Batting: SHB Moe Lester
|
0-0: Ground out 5-3 (Groundball, 56, EV 85.6 MPH)
|
Batting: RHB Hiroshige Yamada
|
0-0: Called Strike 0-1: Called Strike 0-2: Strikes out swinging
|
Batting: RHB Ji-an Li
|
0-0: Foul Ball, location: 2F 0-1: Ball 1-1: Ball 2-1: Swinging Strike 2-2: Ball 3-2: Foul Ball, location: 2F 3-2: SINGLE (Groundball, 6MD, EV 98.1 MPH)
|
Batting: LHB Jeff Taylor
|
0-0: Ground out 4-3 (Groundball, 4, EV 108.1 MPH)
|
Bottom of the 2nd over - 0 runs, 1 hit, 0 errors, 1 left on base; Minnesota 2 - Cleveland 0 |
TOP OF THE 3RD |
Minnesota Twins batting - Pitching for Cleveland Indians : RHP Jon Turman
|
Batting: RHB Hildo Pot
|
0-0: Ball 1-0: Ground out 5-3 (Groundball, 56, EV 109.4 MPH)
|
Batting: RHB Matthew Starr
|
0-0: Ball 1-0: Foul Ball, location: 2F 1-1: Called Strike 1-2: Ball 2-2: Foul Ball, location: 2F 2-2: DOUBLE (Line Drive, 9LS, EV 89.4 MPH)
|
Batting: RHB Jesse Scott
|
0-0: DOUBLE (Flyball, 8RXD, EV 107.5 MPH) Matthew Starr scores
|
Batting: RHB Yonetoshi Muranaka
|
0-0: Foul Ball, location: 2F 0-1: Ball 1-1: Ball 2-1: Swinging Strike 2-2: Ball 3-2: Foul Ball, location: 2F 3-2: Foul Ball, location: 2F 3-2: Reached via error on a dropped throw from 3B, E3 (Groundball, 56S, EV 90.0 MPH) Jesse Scott to third
|
Batting: RHB Tony Rivera
|
0-0: Ball 1-0: Ball 2-0: Ball 3-0: Fly out, F7 (Flyball, 78M, EV 89.4 MPH) Runner from 3rd tags up, SCORES, throw by LF
|
Batting: RHB Väinö Tapaninen
|
0-0: Called Strike 0-1: Swinging Strike 0-2: Foul Ball, location: 2F 0-2: SINGLE (Groundball, 6MD, EV 96.9 MPH) Yonetoshi Muranaka to second Yonetoshi Muranaka to third
|
Batting: RHB José Molina
|
0-0: Called Strike 0-1: Ground out 6-3 (Groundball, 6D, EV 98.8 MPH)
|
Top of the 3rd over - 2 runs, 3 hits, 1 error, 2 left on base; Minnesota 4 - Cleveland 0 |
BOTTOM OF THE 3RD |
Cleveland Indians batting - Pitching for Minnesota Twins : LHP Michael Colin
|
Batting: RHB Jesus Galvan
|
0-0: Called Strike 0-1: SINGLE (Groundball, 6S, EV 94.4 MPH)
|
Batting: RHB Drtian Thaqi
|
0-0: Ball 1-0: Called Strike 1-1: Foul Ball, location: 2F 1-2: Ball 2-2: Strikes out swinging
|
Batting: LHB Arvin Dungca
|
0-0: Ball 1-0: Called Strike 1-1: Called Strike Jesus Galvan steals 2nd base 1-2: Strikes out looking
|
Batting: LHB Hector Pedroso
|
0-0: Ball 1-0: Ground out 4-3 (Groundball, 4, EV 108.8 MPH)
|
Bottom of the 3rd over - 0 runs, 1 hit, 0 errors, 1 left on base; Minnesota 4 - Cleveland 0 |
TOP OF THE 4TH |
Minnesota Twins batting - Pitching for Cleveland Indians : RHP Jon Turman
|
Batting: RHB Danny Miramontes
|
0-0: Foul Ball, location: 2F 0-1: Foul Ball, location: 2F 0-2: SINGLE (Groundball, 56D, EV 95.6 MPH)
|
Batting: LHB Joel Kunkler
|
0-0: Called Strike 0-1: Foul Ball, location: 2F 0-2: Foul Ball, location: 2F 0-2: Strikes out swinging
|
Batting: RHB Hildo Pot
|
0-0: Ball 1-0: Ball 2-0: Ball 3-0: 2-RUN HOME RUN (Flyball, 7D, EV 97.5 MPH), Distance : 378 ft
|
Batting: RHB Matthew Starr
|
0-0: Called Strike 0-1: Called Strike 0-2: Ball 1-2: Ground out 6-3 (Groundball, 56, EV 101.9 MPH)
|
Batting: RHB Jesse Scott
|
0-0: Ball 1-0: Ball 2-0: Called Strike 2-1: Called Strike 2-2: Foul Ball, location: 2F 2-2: Ground out 5-3 (Groundball, 56S, EV 66.9 MPH)
|
Top of the 4th over - 2 runs, 2 hits, 0 errors, 0 left on base; Minnesota 6 - Cleveland 0 |
BOTTOM OF THE 4TH |
Cleveland Indians batting - Pitching for Minnesota Twins : LHP Michael Colin
|
Batting: LHB Danny Dunham
|
0-0: Ball 1-0: Called Strike 1-1: Foul Ball, location: 2F 1-2: Foul Ball, location: 2F 1-2: Ball 2-2: Ground out 5-3 (Groundball, 5L, EV 88.8 MPH)
|
Batting: SHB Moe Lester
|
0-0: Ball 1-0: Ball 2-0: Called Strike 2-1: Swinging Strike 2-2: Foul Ball, location: 2F 2-2: Ball 3-2: Fly out, F7 (Flyball, 78S, EV 96.9 MPH)
|
Batting: RHB Hiroshige Yamada
|
0-0: Ball 1-0: Foul Ball, location: 2F 1-1: Ground out 1-3 (Groundball, 13S, EV 63.8 MPH)
|
Bottom of the 4th over - 0 runs, 0 hits, 0 errors, 0 left on base; Minnesota 6 - Cleveland 0 |
TOP OF THE 5TH |
Minnesota Twins batting - Pitching for Cleveland Indians : RHP Jon Turman
|
Batting: RHB Yonetoshi Muranaka
|
0-0: Ball 1-0: Swinging Strike 1-1: Foul Ball, location: 2F 1-2: Foul Ball, location: 2F 1-2: Strikes out swinging
|
Batting: RHB Tony Rivera
|
0-0: Called Strike 0-1: Ground out 6-3 (Groundball, 6, EV 98.8 MPH)
|
Batting: RHB Väinö Tapaninen
|
0-0: Ball 1-0: Called Strike 1-1: Called Strike 1-2: Foul Ball, location: 2F 1-2: Ball 2-2: Ball 3-2: Ground out 6-3 (Groundball, 6, EV 90.0 MPH)
|
Top of the 5th over - 0 runs, 0 hits, 0 errors, 0 left on base; Minnesota 6 - Cleveland 0 |
BOTTOM OF THE 5TH |
Cleveland Indians batting - Pitching for Minnesota Twins : LHP Michael Colin
|
Batting: RHB Ji-an Li
|
0-0: Swinging Strike 0-1: Ball 1-1: Swinging Strike 1-2: Foul Ball, location: 2F 1-2: Strikes out swinging
|
Batting: LHB Jeff Taylor
|
0-0: Called Strike 0-1: Called Strike 0-2: Ground out 1-3 (Groundball, 13S, EV 73.8 MPH)
|
Batting: RHB Jesus Galvan
|
0-0: Ball 1-0: Fly out, F6 (Flyball, 56D, EV 81.9 MPH)
|
Bottom of the 5th over - 0 runs, 0 hits, 0 errors, 0 left on base; Minnesota 6 - Cleveland 0 |
TOP OF THE 6TH |
Minnesota Twins batting - Pitching for Cleveland Indians : RHP Jon Turman
|
Pitching: RHP Hector Guerrero
|
|
Batting: RHB José Molina
|
0-0: Ball 1-0: Ball 2-0: SINGLE (Groundball, 56D, EV 111.2 MPH)
|
Batting: RHB Danny Miramontes
|
0-0: Ball José Molina steals 2nd base 1-0: Foul Ball, location: 2F 1-1: Foul Ball, location: 2F 1-2: Ball 2-2: Ball 3-2: Base on Balls
|
Batting: LHB Joel Kunkler
|
0-0: SINGLE (Groundball, 4D, EV 102.5 MPH) José Molina to third Danny Miramontes to second Runner from 3rd tries for Home, SAFE, throw by CF to home
|
Batting: RHB Hildo Pot
|
0-0: Swinging Strike 0-1: Fielders Choice at 2nd, 3-6 (Groundball, 3, EV 104.4 MPH) Danny Miramontes to third
|
Batting: RHB Matthew Starr
|
0-0: Ball 1-0: Ball 2-0: Foul Ball, location: 2F 2-1: Foul Ball, location: 2F 2-2: Strikes out swinging
|
Batting: RHB Jesse Scott
|
0-0: Ball 1-0: Foul Ball, location: 2F 1-1: Foul Ball, location: 2F 1-2: Strikes out swinging
|
Top of the 6th over - 1 run, 2 hits, 0 errors, 2 left on base; Minnesota 7 - Cleveland 0 |
BOTTOM OF THE 6TH |
Cleveland Indians batting - Pitching for Minnesota Twins : LHP Michael Colin
|
Batting: RHB Drtian Thaqi
|
0-0: Ball 1-0: Foul Ball, location: 2F 1-1: Ball 2-1: Ground out U3 (Groundball, 34, EV 85.0 MPH)
|
Batting: LHB Arvin Dungca
|
0-0: Ball 1-0: Ball 2-0: Foul Ball, location: 2F 2-1: Foul Ball, location: 2F 2-2: Ball 3-2: Base on Balls
|
Batting: LHB Hector Pedroso
|
0-0: Ball 1-0: Foul Ball, location: 2F 1-1: Foul Ball, location: 2F 1-2: Fly out, F8 (Flyball, 89M, EV 88.8 MPH)
|
Batting: LHB Danny Dunham
|
0-0: Called Strike 0-1: Fielders Choice at 2nd, 6-4 (Groundball, 6, EV 100.6 MPH)
|
Bottom of the 6th over - 0 runs, 0 hits, 0 errors, 1 left on base; Minnesota 7 - Cleveland 0 |
TOP OF THE 7TH |
Minnesota Twins batting - Pitching for Cleveland Indians : RHP Hector Guerrero
|
Batting: RHB Yonetoshi Muranaka
|
0-0: Ball 1-0: Called Strike 1-1: SINGLE (Groundball, 6MD, EV 99.4 MPH)
|
Batting: RHB Tony Rivera
|
0-0: Called Strike 0-1: Ball 1-1: Ball 2-1: Foul Ball, location: 2F 2-2: Fly out, F8 (Flyball, 8LD, EV 101.2 MPH)
|
Batting: RHB Väinö Tapaninen
|
0-0: Ball 1-0: Foul Ball, location: 2F 1-1: Called Strike 1-2: Ball Wild Pitch! Yonetoshi Muranaka to second 2-2: Foul Ball, location: 2F 2-2: Strikes out swinging
|
Batting: RHB José Molina
|
0-0: Ball 1-0: Ball 2-0: Called Strike 2-1: DOUBLE (Flyball, 89D, EV 108.1 MPH) Yonetoshi Muranaka scores
|
Batting: RHB Danny Miramontes
|
0-0: Ball 1-0: Ball 2-0: Ball 3-0: Base on Balls
|
Batting: LHB Joel Kunkler
|
0-0: Ball 1-0: Swinging Strike 1-1: SINGLE (Groundball, 4MD, EV 107.5 MPH) José Molina to third Danny Miramontes to second Runner from 3rd tries for Home, SAFE, throw by CF to home
|
Batting: RHB Hildo Pot
|
0-0: Ball 1-0: Ball 2-0: Ball 3-0: Fly out, F9 (Flyball, 9D, EV 91.9 MPH)
|
Top of the 7th over - 2 runs, 3 hits, 0 errors, 2 left on base; Minnesota 9 - Cleveland 0 |
BOTTOM OF THE 7TH |
Cleveland Indians batting - Pitching for Minnesota Twins : LHP Michael Colin
|
Pinch Hitting: LHB Stu Sornson
|
0-0: Ball 1-0: Ball 2-0: Ball 3-0: Called Strike 3-1: Called Strike 3-2: SINGLE (Groundball, 56D, EV 107.5 MPH)
|
Batting: RHB Hiroshige Yamada
|
0-0: Ball 1-0: Foul Ball, location: 2F 1-1: Foul Ball, location: 2F 1-2: Ball 2-2: Grounds into double play, 6-4-3 (Groundball, 6, EV 85.6 MPH)
|
Batting: RHB Ji-an Li
|
0-0: Called Strike 0-1: Swinging Strike 0-2: Strikes out swinging
|
Bottom of the 7th over - 0 runs, 1 hit, 0 errors, 0 left on base; Minnesota 9 - Cleveland 0 |
TOP OF THE 8TH |
Minnesota Twins batting - Pitching for Cleveland Indians : RHP Hector Guerrero
|
Pitching: RHP Jon Glenn
|
|
Now in LF: Stu Sornson
|
|
Batting: RHB Matthew Starr
|
0-0: Ball 1-0: Foul Ball, location: 2F 1-1: Called Strike 1-2: Ball 2-2: Ball 3-2: Strikes out swinging
|
Batting: RHB Jesse Scott
|
0-0: Called Strike 0-1: Called Strike 0-2: Foul Ball, location: 2F 0-2: Foul Ball, location: 2F 0-2: Ball 1-2: Foul Ball, location: 2F 1-2: DOUBLE (Line Drive, 78XD, EV 106.2 MPH)
|
Batting: RHB Yonetoshi Muranaka
|
0-0: Called Strike 0-1: Ball 1-1: Swinging Strike 1-2: Strikes out swinging
|
Batting: RHB Tony Rivera
|
0-0: SINGLE (Groundball, 56S, EV 75.0 MPH) (infield hit) Jesse Scott to third
|
Batting: RHB Väinö Tapaninen
|
0-0: Called Strike 0-1: Called Strike 0-2: Strikes out swinging
|
Top of the 8th over - 0 runs, 2 hits, 0 errors, 2 left on base; Minnesota 9 - Cleveland 0 |
BOTTOM OF THE 8TH |
Cleveland Indians batting - Pitching for Minnesota Twins : LHP Michael Colin
|
Batting: LHB Jeff Taylor
|
0-0: Ball 1-0: Ball 2-0: Ball 3-0: Base on Balls
|
Batting: RHB Jesus Galvan
|
0-0: Ball 1-0: Ball 2-0: Foul Ball, location: 2F 2-1: Swinging Strike 2-2: Fly out, F9 (Flyball, 9S, EV 95.0 MPH)
|
Batting: RHB Drtian Thaqi
|
0-0: Ball 1-0: Fielders Choice at 2nd, 5-4 (Groundball, 5L, EV 86.2 MPH)
|
Batting: LHB Arvin Dungca
|
0-0: Called Strike 0-1: Foul Ball, location: 2F 0-2: Fly out, F8 (Flyball, 8RXD, EV 99.4 MPH)
|
Bottom of the 8th over - 0 runs, 0 hits, 0 errors, 1 left on base; Minnesota 9 - Cleveland 0 |
TOP OF THE 9TH |
Minnesota Twins batting - Pitching for Cleveland Indians : RHP Jon Glenn
|
Batting: RHB José Molina
|
0-0: Called Strike 0-1: Fly out, F8 (Flyball, 8LM, EV 86.9 MPH)
|
Batting: RHB Danny Miramontes
|
0-0: Swinging Strike 0-1: Foul Ball, location: 2F 0-2: Ball 1-2: Ball 2-2: Foul Ball, location: 2F 2-2: Ground out 6-3 (Groundball, P, EV 88.8 MPH)
|
Batting: LHB Joel Kunkler
|
0-0: Called Strike 0-1: Ball 1-1: Swinging Strike 1-2: SINGLE (Flyball, 8LS, EV 90.6 MPH)
|
Batting: RHB Hildo Pot
|
0-0: Ball 1-0: Ball 2-0: Ball 3-0: Called Strike 3-1: Called Strike 3-2: Foul Ball, location: 2F 3-2: Foul Ball, location: 2F 3-2: SINGLE (Line Drive, 56, EV 105.0 MPH) Joel Kunkler to second Joel Kunkler to third
|
Batting: RHB Matthew Starr
|
0-0: Ball 1-0: Ball 2-0: Called Strike 2-1: Fly out, F9 (Flyball, 89M, EV 76.2 MPH)
|
Top of the 9th over - 0 runs, 2 hits, 0 errors, 2 left on base; Minnesota 9 - Cleveland 0 |
BOTTOM OF THE 9TH |
Cleveland Indians batting - Pitching for Minnesota Twins : LHP Michael Colin
|
Batting: LHB Hector Pedroso
|
0-0: Ball 1-0: Called Strike 1-1: Swinging Strike 1-2: Ball 2-2: Foul Ball, location: 2F 2-2: Ball 3-2: Foul Ball, location: 2F 3-2: Ground out 6-3 (Groundball, 4M, EV 79.4 MPH)
|
Batting: LHB Danny Dunham
|
0-0: Ground out 6-3 (Groundball, 4MS, EV 77.5 MPH)
|
Batting: LHB Stu Sornson
|
0-0: Ball 1-0: Ball 2-0: SINGLE (Groundball, 34D, EV 98.1 MPH)
|
Pitching: RHP Isaac Slack
|
|
Batting: RHB Hiroshige Yamada
|
0-0: Ground out 6-3 (Groundball, 6MS, EV 84.4 MPH)
|
Bottom of the 9th over - 0 runs, 1 hit, 0 errors, 1 left on base; Minnesota 9 - Cleveland 0 |
|